 Dungeon Crawl Stone Soup version 0.25.1-9-gc5326a611f (webtiles) character file.

Game seed: 3101113264309012878

2435 theanonym the Cleaver (level 9, -11/72 HPs)
             Began as a Formicid Gladiator on Sept 4, 2021.
             Was a Priest of Zin.
             Killed from afar by an orc sorcerer (14 damage)
             ... with a bolt of fire
             ... on level 7 of the Dungeon.
             The game lasted 00:08:07 (7772 turns).

theanonym the Cleaver (Formicid Gladiator)          Turns: 7772, Time: 00:08:08

Health: -11/72     AC: 13    Str: 28    XL:     9   Next: 77%
Magic:  9/9        EV: 12    Int:  8    God:    Zin [***...]
Gold:   282        SH:  5    Dex: 12    Spells: 8/8 levels left

rFire    . . .     SeeInvis +   a - +0 war axe
rCold    . . .     Gourm    .   (no shield)
rNeg     . . .     Faith    .   q - +0 plate armour
rPois    .         Spirit   .   (helmet unavailable)
rElec    .         Reflect  +   (no cloak)
rCorr    .         Harm     .   (no gloves)
MR       .....                  (no boots)
Stlth    ..........             u - amulet of reflection
HPRegen  0.22/turn              s - +4 ring of evasion
MPRegen  0.11/turn              k - +6 ring of strength

@: mighty, lethally poisoned (-11 -> -12), flying, starving
A: permanent stasis, dig shafts and tunnels, four strong arms, antennae 3
a: Dig, Shaft Self, Recite, Vitalisation, Imprison, Donate Gold, Renounce
Religion


Innate Abilities, Weirdness & Mutations

You cannot be hasted, slowed, berserked, paralysed or teleported.
You can dig through walls and to a lower floor.
Your four strong arms can wield two-handed weapons with a shield.
You have a pair of large antennae on your head. (SInv)


   Skills:
 + Level 7.2 Fighting
 * Level 9.4 Axes
 - Level 2.0 Throwing
 + Level 6.6 Armour
 - Level 2.6 Dodging


You had 8 spell levels left.
You didn't know any spells.
Your spell library was empty.

Skill      XL: |  1  2  3  4  5  6  7  8  9 |
---------------+----------------------------+-----
Armour         | 1 2 3 4 5 6 |  6.6
Axes           | 4 5 6 8 9 |  9.4
Fighting       | 3 4 6 7 |  7.2
Throwing       | |  2.0
Dodging        | |  2.6

Action                   |  1- 3 |  4- 6 |  7- 9 || total
-------------------------+-------+-------+-------++-------
Melee: War axe           |    80 |   254 |   266 ||   600
  Use: Potion            |       |     3 |     2 ||     5
       Scroll            |       |       |    10 ||    10
  Eat: Chunk             |     2 |     8 |     9 ||    19
       Ration            |       |       |     1 ||     1
Armor: Leather armour    |     9 |       |       ||     9
       Ring mail         |    32 |     9 |       ||    41
       Chain mail        |       |   135 |     9 ||   144
       Plate armour      |       |    24 |   148 ||   172
       Skin              |       |    11 |       ||    11
Dodge: Dodged            |    45 |   148 |   225 ||   418
Block: Other             |       |       |    60 ||    60
       Reflection        |       |       |     6 ||     6

Inventory:

Hand Weapons
 a - a +0 war axe (weapon)
Missiles
 c - 3 throwing nets (quivered)
Armour
 q - a +0 plate armour (worn)
 x - a scarf of repulsion
Jewellery
 g - an uncursed ring of flight
 k - a +6 ring of strength (right hand)
 s - a +4 ring of evasion (left hand)
 u - an amulet of reflection (around neck)
Wands
 d - a wand of digging (6)
 p - a wand of disintegration (9)
Scrolls
 b - a scroll of enchant weapon {unknown}
 f - 4 scrolls of fog
 h - a scroll of magic mapping {unknown}
 i - a scroll of fear
 j - 2 scrolls of immolation
 n - 2 scrolls of remove curse
 o - 2 scrolls of amnesia {unknown}
 r - 3 scrolls of identify
 t - 3 scrolls of teleportation
 B - 2 scrolls of blinking
Potions
 w - 2 potions of curing
Comestibles
 e - 13 rations


You were on level 7 of the Dungeon.
You worshipped Zin.
Zin was most pleased with you.
You were starving.

You visited 2 branches of the dungeon, and saw 8 of its levels.

You collected 313 gold pieces.
You donated 31 gold pieces to Zin.

Dungeon Overview and Level Annotations

Branches:
Dungeon (7/15)             Temple (1/1) D:4

Altars:
Ashenzari
Cheibriados
Dithmenos
Elyvilon
Fedhas
Gozag
Hepliaklqana
Kikubaaqudgha
Nemelex Xobeh
Okawaru
Qazlal
Ru
Sif Muna
Trog
Uskayaw
Vehumet
Wu Jian
Xom
Yredelemnul
Zin
The Shining One

#. #. #.
################### #.
##................(##
#.
#..######..#######..##
#. #.## #)(# ##..# #.
#.# ##)@## ##.#####.
#####.# ##..55#
#....##. #....[#
###..##.# ####.#..
##.#### #...###o#
###)..# #..## #.###
#.## #....##
##).####.# #.W#
##..#..#. ##..##..#
##.# #........
##..#.## #3#
.<...##### ##...# #.#
.##.#


You could see a hungry ghost, a neqoxec (summoned), an orc sorcerer and 2
quasits.

Notes
Turn   | Place    | Note
-------+----------+-------------------------------------------
     0 | D:1      | theanonym the Formicid Gladiator began the quest for the
                  | Orb.
     0 | D:1      | Reached XP level 1. HP: 16/16 MP: 1/1
   344 | D:1      | Reached XP level 2. HP: 23/23 MP: 2/2
   559 | D:1      | Reached skill level 1 in Armour
   741 | D:1      | Reached XP level 3. HP: 27/28 MP: 3/3
  1264 | D:2      | HP: 14/28 [poisoned by an adder]
  1272 | D:2      | HP: 13/28 [poisoned by an adder]
  1456 | D:2      | Reached XP level 4. HP: 30/34 MP: 4/4
  1680 | D:2      | Reached skill level 4 in Axes
  1826 | D:2      | Found an iron altar of Okawaru.
  1829 | D:2      | Reached skill level 3 in Fighting
  2118 | D:3      | HP: 16/35 [adder (2)]
  2144 | D:3      | HP: 17/35 [poisoned by an adder]
  2339 | D:3      | Reached skill level 2 in Armour
  2381 | D:3      | Reached XP level 5. HP: 37/41 MP: 5/5
  2769 | D:3      | Noticed Natasha
  2789 | D:3      | Killed Natasha
  3314 | D:3      | Noticed Natasha
  3323 | D:3      | Killed Natasha
  3323 | D:3      | Reached skill level 5 in Axes
  3323 | D:3      | Reached XP level 6. HP: 48/48 MP: 6/6
  3439 | D:3      | Noticed Natasha
  3442 | D:3      | Killed Natasha
  3902 | D:4      | Reached skill level 4 in Fighting
  3902 | D:4      | Reached skill level 3 in Armour
  3946 | D:4      | Found a staircase to the Ecumenical Temple.
  3961 | D:4      | Reached XP level 7. HP: 50/54 MP: 7/7
  3968 | Temple   | Entered the Ecumenical Temple
  4201 | Temple   | Became a worshipper of Zin the Law-Giver
  4201 | Temple   | Reached * piety under Zin
  4258 | D:4      | HP: 19/55 [orc wizard/magic dart (10)]
  4466 | D:4      | Reached skill level 6 in Axes
  5075 | D:5      | Entered Level 5 of the Dungeon
  5078 | D:5      | Reached skill level 4 in Armour
  5106 | D:5      | Reached XP level 8. HP: 33/61 MP: 8/8
  5308 | D:5      | Reached skill level 5 in Fighting
  5485 | D:5      | Reached skill level 7 in Axes
  5486 | D:5      | HP: 31/62 [orc priest/+0 falchion (2)]
  5784 | D:5      | Reached ** piety under Zin
  6175 | D:6      | Reached skill level 5 in Armour
  6240 | D:6      | Reached skill level 6 in Fighting
  6246 | D:6      | Noticed Duvessa
  6250 | D:6      | Noticed Dowan
  6267 | D:6      | Noticed Blork the orc
  6451 | D:5      | Reached skill level 8 in Axes
  6451 | D:5      | Reached XP level 9. HP: 43/69 MP: 9/9
  6591 | D:6      | Killed Dowan
  6678 | D:6      | Killed Blork the orc
  6844 | D:6      | Killed Duvessa
  6844 | D:6      | Reached skill level 6 in Armour
  7052 | D:6      | Reached *** piety under Zin
  7390 | D:7      | Noticed an orc sorcerer
  7395 | D:7      | Noticed an orange demon
  7399 | D:7      | Reached skill level 9 in Axes
  7633 | D:7      | Reached skill level 7 in Fighting
  7744 | D:7      | HP: 36/72 [orc sorcerer/bolt of fire (10)]
  7749 | D:7      | HP: 23/72 [killer bee (5)]
  7754 | D:7      | HP: 15/72 [poisoned by a killer bee]
  7758 | D:7      | HP: 7/72 [poisoned by a killer bee]
  7764 | D:7      | HP: 5/72 [poisoned by a killer bee]
  7770 | D:7      | HP: 4/72 [poisoned by a killer bee]
  7772 | D:7      | Killed from afar by an orc sorcerer

Vanquished Creatures
  Duvessa (D:6)
  2 ice beasts (D:5)
  A phantom (D:7)
  An ogre (D:4)
  2 centaurs
  A big kobold (D:7)
  3 bullfrogs
  Blork the orc (D:6)
  A water moccasin skeleton (D:6)
  2 scorpions
  Dowan (D:6)
  7 killer bees
  A howler monkey (D:6)
  A crimson imp (D:5)
  A quasit (D:6)
  2 hounds
  3 orc priests
  8 orc wizards
  An iguana (D:6)
  Natasha (thrice) (D:3)
  4 worker ants
  A hound zombie (D:5)
  A worker ant zombie (D:6)
  13 adders
  3 gnolls (D:3)
  2 oozes
  An adder zombie (D:6)
  2 worms
  A dart slug (D:2)
  7 leopard geckos
  19 orcs
  3 ball pythons
  9 giant cockroaches
  10 goblins
  7 hobgoblins
  4 jackals (D:7)
  16 kobolds
  2 quokkas
  9 bats
  3 frilled lizards
  A leopard gecko skeleton (D:5)
  A quokka skeleton (D:7)
  9 rats
171 creatures vanquished.

Table legend:
 A = Turns spent in this place as a percentage of turns spent in the entire game.
 B = Non-inter-level travel turns spent in this place as a percentage of non-inter-level travel turns spent in the entire game.
 C = Inter-level travel turns spent in this place as a percentage of turns spent in this place.
 D = Turns resting spent in this place as a percentage of non-inter-level travel turns spent in this place.
 E = Turns spent auto-exploring this place as a percentage of non-inter-level travel turns spent in this place.
 F = Non-inter-level travel turns spent in this place divided by the number of levels of this place that you've seen.
                   A       B       C       D       E      F
               +-------+-------+-------+-------+-------+----------------------
         Total | 100.0 | 100.0 |   3.4 |  27.7 |  57.0 | 938.0
       Dungeon |  96.5 |  97.4 |   2.6 |  28.5 |  55.9 | 1043.7
        Temple |   3.5 |   2.6 |  26.7 |   0.0 |  99.0 | 198.0
               +-------+-------+-------+-------+-------+----------------------
